 Dungeon Crawl Stone Soup version 0.30-a0-622-gddc90eaa04 (webtiles) character file.

Game seed: 1623831607321182305

3773 tilp the Carver (level 10, -11/83 HPs)
             Began as a Meteoran Fighter on Jan 10, 2023.
             Was a Priest of Okawaru.
             Mangled by a two-headed ogre
             ... wielding a +0 giant club
              (18 damage)
             ... on level 8 of the Dungeon.
             The game lasted 00:18:23 (3788 turns).

tilp the Carver (Meteoran Fighter)                  Turns: 3788, Time: 00:18:24

Health: -11/83     AC: 22    Str: 18    XL:     10   Next: 64%
Magic:  13/15      EV: 16    Int: 11    God:    Okawaru [***...]
Gold:   54         SH:  7    Dex: 17    Spells: 9/9 levels left

rFire   . . .      SeeInvis .    a - +2 scimitar
rCold   + . .      Faith    .    c - +0 buckler
rNeg    . . .      Spirit   .    j - +0 ice dragon scales
rPois   .          Reflect  .    s - +2 helmet
rElec   .          Harm     .    l - +2 cloak {Stlth+}
rCorr   .          Rampage  .    I - +0 pair of gloves
Will    +....                    (no boots)
Stlth   ++                       g - amulet of the acrobat
HPRegen 0.33/turn                y - ring of fire
MPRegen 0.14/turn                (no ring)

@: heroic, glowing
A: sense surroundings 2, otherworldly, glowing, explore regen
a: Renounce Religion, Heroism


You were on level 8 of the Dungeon.
You worshipped Okawaru.
Okawaru was most pleased with you.
You visited 2 branches of the dungeon, and saw 10 of its levels.

You collected 279 gold pieces.
You spent 225 gold pieces at shops.

Inventory:

Hand Weapons
 a - a +2 scimitar (weapon)
 b - a +5 short sword
 q - the +8 quarterstaff of the Firefly {flame, rElec rF- Dex+2}
   (You found it on level 3 of the Dungeon)

   Dex:       It affects your dexterity (+2).
   rF:        It makes you vulnerable to fire.
   rElec:     It insulates you from electricity.
 r - a +1 long sword
 v - a +2 falchion of holy wrath
 H - the +4 flail "Ynylapho" {spect, Str-2 Dex+6}
   (You found it on level 3 of the Dungeon)

   Str:       It affects your strength (-2).
   Dex:       It affects your dexterity (+6).
Missiles
 e - 2 boomerangs of dispersal
 n - 21 poisoned darts (quivered)
 F - 5 boomerangs
 G - 2 throwing nets {!f}
Armour
 c - a +0 buckler (worn)
 j - +0 ice dragon scales (worn)
 l - a +2 cloak of stealth (worn)
 s - a +2 helmet (worn)
 D - an orb of wrath
 I - a +0 pair of gloves (worn)
 J - a +0 chain mail of cold resistance
Jewellery
 g - an amulet of the acrobat (around neck)
 o - a ring of magical power
 y - a ring of fire (left hand)
 B - a +6 ring of intelligence
Wands
 t - a wand of mindburst (7)
 C - a wand of light (12)
Scrolls
 d - 4 scrolls of magic mapping
 i - 4 scrolls of teleportation
Potions
 f - 2 potions of curing
 h - 3 potions of brilliance
 k - a potion of ambrosia
 m - a potion of cancellation
 p - 2 potions of attraction
 u - 3 potions of lignification
 w - 2 potions of mutation {unknown}
 x - a potion of heal wounds {unknown}
 z - 2 potions of invisibility {unknown}
 A - a potion of flight {unknown}
 E - 2 potions of degeneration {unknown}


   Skills:
 + Level 6.1(11.1) Fighting
 + Level 8.0(13.0) Long Blades
 + Level 4.2(9.2) Throwing
 - Level 6.0(11.0) Armour
 + Level 8.0(13.0) Dodging
 - Level 4.0(9.0) Stealth
 - Level 4.0(9.0) Shields
 + Level 6.1 Invocations
 + Level 4.1 Evocations


You had 9 spell levels left.
You didn't know any spells.
Your spell library was empty.

Dungeon Overview and Level Annotations

Branches:
Dungeon (9/15) Zot: 1525   Temple (1/1) D:6 Zot: 559
   Lair: D:8-11         Orc: D:9-12

Altars:
Ashenzari
Cheibriados
Nemelex Xobeh
Okawaru
Ru
Vehumet
Wu Jian
Xom
The Shining One

Shops:
D:2 [   D:6 ([:

Annotations:
D:4 Grinder
D:8 1 runed translucent door, heinrich's ghost, novice VSBr


Innate Abilities, Weirdness & Mutations

You passively map the area around you.
You are easily found by Zot.
You glow in the dark.
You regain HP and MP as you explore.


Message History

* * * LOW HITPOINT WARNING * * *
You are poisoned.
The killer bee poisons you!
Unknown command.
You gain the combat prowess of a mighty hero.
You feel sick.
The killer bee stings you but does no damage.
The killer bee misses you.
Unknown command.
You slash the killer bee!
The killer bee is heavily wounded.
You feel sick. You block the killer bee's attack.
You miss the killer bee.
The killer bee is heavily wounded.
The killer bee stings you.
* * * LOW HITPOINT WARNING * * *
You slash the two-headed ogre!
The two-headed ogre is lightly wounded.
You feel sick.
You completely miss the two-headed ogre.
The two-headed ogre is lightly wounded.
You feel sick.
The two-headed ogre hits you but does no damage.
The two-headed ogre hits you with a +0 giant spiked club!
* * * LOW HITPOINT WARNING * * *
You barely miss the two-headed ogre.
The two-headed ogre is lightly wounded.
You feel sick.
Unknown command.
Aiming: Bolt of Light
Press: ? - help, Shift-Dir - straight line, f - two-headed ogre
Aim: a two-headed ogre, wielding a +0 giant club and a +0 giant spiked club (lightly wounded, 88% to hit)
The bolt of light hits the two-headed ogre!!
The two-headed ogre is heavily wounded.
The two-headed ogre is blinded.
The bolt of light hits the killer bee!
The killer bee is almost dead.
The killer bee is blinded.
You feel sick.
You are no longer poisoned.
The two-headed ogre hits you with a +0 giant club!!
You die...

########### #.........#
#.#######.# #.# #.# #.#
#.# # #@# #####†## ##
############O# #......#
.##.............y#
#.###..#
..#.###########..# # #..#
# ......
,.....##.y###.###..#######
..# *
*#.....................
.#....
...####..................
## #
#..(........###########.
## * ######.###### #.


You could see a two-headed ogre (blind) and 2 killer bees.

Vanquished Creatures
  A hornet (D:8)
  2 yaks (D:8)
  Duvessa (D:7)
  2 water moccasins
  An orc warrior (D:7)
  A black bear (D:6)
  3 ice beasts
  A sky beast (D:6)
  2 ogres (D:5)
  3 centaurs
  A kobold brigand (D:5)
  A bullfrog (D:7)
  A scorpion (D:5)
  A necrophage (D:5)
  A gnoll sergeant (D:5)
  11 wights
  Dowan (D:7)
  4 killer bees (D:8)
  2 howler monkeys (D:7)
  A jelly (D:6)
  4 gnoll boudas
  2 hounds (D:4)
  12 orc wizards
  20 gnolls
  4 adders
  An ufetubus (D:6)
  4 worms
  3 dart slugs
  18 orcs
  4 ball pythons
  6 endoplasms
  4 giant cockroaches
  3 goblins
  5 hobgoblins
  8 jackals
  3 bats
  3 frilled lizards
  5 kobolds
  A rat (D:3)
151 creatures vanquished.

Vanquished Creatures (others)
  A plant (D:8)
1 creature vanquished.

Grand Total: 152 creatures vanquished

Notes
Turn   | Place    | Note
-------+----------+-------------------------------------------
     0 | D:1      | tilp the Meteoran Fighter began the quest for the Orb.
     0 | D:1      | Reached XP level 1. HP: 19/19 MP: 2/2
    57 | D:1      | Reached XP level 2. HP: 26/26 MP: 3/3
   121 | D:1      | Reached skill level 1 in Dodging
   138 | D:1      | Reached XP level 3. HP: 30/31 MP: 4/4
   192 | D:2      | Found Kanner's Antique Armour Shoppe.
   315 | D:2      | Reached XP level 4. HP: 36/39 MP: 5/5
   530 | D:3      | Found a faded altar of an unknown god.
   575 | D:3      | Identified the +8 quarterstaff of the Firefly {flame, rElec
                  | rF- Dex+2}
   655 | D:3      | Identified the +4 flail "Ynylapho" {spect, Str-2 Dex+6}
   741 | D:4      | Reached skill level 1 in Stealth
   741 | D:4      | Reached XP level 5. HP: 39/46 MP: 6/6
   879 | D:4      | Reached XP level 6. HP: 36/52 MP: 7/7
   887 | D:4      | Noticed Grinder
  1015 | D:4      | Found an ornate altar of the Wu Jian Council.
  1058 | D:4      | You fall into a shaft and drop 3 floors!
  1066 | D:7      | Noticed a water moccasin
  1076 | D:7      | Killed a water moccasin
  1077 | D:7      | Reached XP level 7. HP: 47/59 MP: 8/8
  1094 | D:6      | Found Mareuc's Book Shoppe.
  1124 | D:6      | Found an iron altar of Okawaru.
  1183 | D:6      | Became a worshipper of Warmaster Okawaru
  1218 | D:6      | Reached XP level 8. HP: 37/67 MP: 9/9
  1226 | D:6      | Found Taseqon's Antique Armour Shoppe.
  1243 | D:5      | Entered Level 5 of the Dungeon
  1299 | D:5      | Found a broken altar of Ashenzari.
  1365 | D:5      | Reached skill level 1 in Invocations
  1394 | D:5      | Reached skill level 1 in Evocations
  1402 | D:5      | Reached skill level 5 in Long Blades
  1418 | D:5      | Reached skill level 5 in Armour
  1456 | D:5      | Reached * piety under Okawaru
  1488 | D:7      | Reached skill level 5 in Dodging
  1529 | D:8      | Gained mutation: You passively map the area around you.
                  | [Meteoran growth]
  1529 | D:8      | Reached XP level 9. HP: 50/73 MP: 12/12
  1557 | D:8      | Found a glowing golden altar of the Shining One.
  1592 | D:6      | Found a staircase to the Ecumenical Temple.
  1608 | Temple   | Entered the Ecumenical Temple
  1671 | D:6      | Reached skill level 5 in Fighting
  1675 | D:6      | Found a radiant altar of Vehumet.
  1927 | D:5      | Found a snail-covered altar of Cheibriados.
  2083 | D:5      | Found a shimmering altar of Xom.
  2100 | D:5      | Found a shimmering altar of Xom.
  2111 | D:5      | Found a shimmering altar of Xom.
  2111 | D:5      | Found a shimmering altar of Xom.
  2111 | D:5      | Found a shimmering altar of Xom.
  2365 | D:6      | Found a sparkling altar of Nemelex Xobeh.
  2397 | D:6      | Found Beohukie's Weapon Emporium.
  2410 | D:6      | Reached ** piety under Okawaru
  2654 | D:7      | Reached skill level 5 in Invocations
  2864 | D:7      | Found a sacrificial altar of Ru.
  2864 | D:7      | Noticed Duvessa
  2864 | D:7      | Noticed Dowan
  2876 | D:7      | Killed Duvessa
  2877 | D:7      | Reached XP level 10. HP: 62/83 MP: 15/15
  2894 | D:7      | Killed Dowan
  3145 | D:2      | Bought a runed cloak for 225 gold pieces
  3357 | D:8      | Noticed heinrich's ghost (novice VSBr)
  3368 | D:8      | Found a runed translucent door.
  3478 | D:9      | Noticed a two-headed ogre
  3597 | D:8      | Reached *** piety under Okawaru
  3788 | D:8      | Mangled by a two-headed ogre

Illustrated notes

Levels and vault maps discovered:
D:1:      elethiomel_arrival_infinity_welcomes_careful_drivers,
          layout_loops_ring, chequers_serial_rivers_micro_c, minmay_hexomino_p4
D:2:      layout_rooms, serial_shops, nicolae_diamond_shop,
          uniq_crazy_yiuf_cottage, uniq_natasha
D:3:      layout_basic, nicolae_hepliaklqana_monster_ancestors,
          hellmonk_ecumenical_altar_run_dry, st_stairs_13, nicolae_wormholes
D:4:      layout_loops_ring, kennysheep_mini_moat,
          nicolae_overflow_crystal_walls, hangedman_decor_lopped, minmay_puff,
          uniq_grinder
D:5:      layout_loops_corners, xom_redecorated, nicolae_ashenzari_skybound,
          cheibrodos_worm_habitat
D:6:      layout_rooms, nemelex_spade_bored_becter, nicolae_vehumet_altar_sigil,
          okawaru_trees_1, minmay_temple_entry_ruins, serial_shops,
          nicolae_shop_bloodbath_and_beyond, nicolae_square_shop,
          nicolae_shop_advertising_works [nicolae_subvault_shop_adworks],
          nicolae_kite_square_tiling_tiny, solitary_fountain
D:7:      layout_loops_ring, mainiacjoe_overflow_alcove_4, uniq_prince_ribbit1,
          uniq_joseph, uniq_duvessa, uniq_pikel
D:8:      layout_loops_ring, mainiacjoe_overflow_surrounded_room,
          hellmonk_ghost_big_iron
D:9:      layout_cave_pools, gammafunk_ghost_berserking_beasts, uniq_harold
Temple:   minmay_temple_curvy_loop

Skill      XL: |  1  2  3  4  5  6  7  8  9 10 |
---------------+-------------------------------+-----
Dodging        | 1 2 3 4 5 6 8 |  8.0
Shields        | 4 |  4.0
Armour         | 4 5 6 |  6.0
Long Blades    | 3 4 5 6 8 |  8.0
Stealth        | 1 2 3 4 |  4.0
Fighting       | 4 5 6 |  6.1
Throwing       | 2 3 4 |  4.2
Invocations    | 2 5 6 |  6.1
Evocations     | 1 3 4 |  4.1

Action                   |  1- 3 |  4- 6 |  7- 9 | 10-12 || total
-------------------------+-------+-------+-------+-------++-------
Melee: Long sword        |    74 |   164 |   408 |   106 ||   752
       Scimitar          |       |       |       |    52 ||    52
Throw: Stone             |       |     2 |       |       ||     2
       Dart              |       |       |    12 |       ||    12
Invok: Heroism           |       |       |     2 |     5 ||     7
Evoke: Wand              |       |       |       |     1 ||     1
  Use: Scroll            |       |     8 |     9 |     1 ||    18
       Potion            |       |       |     3 |     1 ||     4
 Stab: Sleeping          |       |       |       |     1 ||     1
Armor: Scale mail        |    40 |    33 |       |       ||    73
       Chain mail        |       |    80 |   135 |       ||   215
       Ice dragon scales |       |       |   101 |    82 ||   183
Dodge: Dodged            |    40 |    38 |   158 |   109 ||   345
Block: Buckler           |    15 |    29 |   100 |    48 ||   192

Table legend: (Time is in decaauts)
 A = Elapsed time spent in this place.
 B = Non-inter-level travel time spent in this place.
 C = Inter-level travel time spent in this place.
 D = Time resting spent in this place.
 E = Time spent auto-exploring this place.
 F = Levels seen in this place.
 G = Mean time per level.
                   A        B        C        D        E       F      G
               +--------+--------+--------+--------+--------+-----+--------+
         Total |   3914 |   3244 |    670 |     44 |      0 |  10 |  391.4 |
       Dungeon |   3873 |   3203 |    670 |      8 |      0 |   9 |  430.3 |
        Temple |     40 |     40 |      0 |     36 |      0 |   1 |   40.0 |
               +--------+--------+--------+--------+--------+-----+--------+

Top non-repeatable levels by time:
     D:5: 789 daAuts
     D:8: 684 daAuts
     D:4: 589 daAuts
     D:6: 577 daAuts
     D:7: 525 daAuts
     D:3: 332 daAuts
     D:2: 192 daAuts
     D:1: 176 daAuts
  Temple: 40 daAuts
     D:9: 7 daAuts
